 Dungeon Crawl Stone Soup version 0.16.0-6-gad6103a (webtiles) character file.

33745 Palladion the Blocker (level 13, 72/72 HPs)
             Began as a Gargoyle Venom Mage on Mar 15, 2015.
             Was a Priest of Ru.
             Drowned
             ... in an ice cave.
             The game lasted 01:54:40 (15700 turns).

Palladion the Blocker (Gargoyle Venom Mage)        Turns: 15700, Time: 01:54:40

Health: 72/72      AC: 24    Str: 14    XL:     13   Next: 73%
Magic:  40/40      EV: 12    Int: 19    God:    Ru [***...]
Gold:   433        SH:  6    Dex:  6    Spells: 4 memorised, 17 levels left

rFire  . . .     SeeInvis .     Q - +6 shillelagh "Devastator" {shatter}
rCold  + . .     Clarity  .     e - +2 leather armour {rC+}
rNeg   + . .     SustAb   .     y - +1 buckler {reflect}
rPois  ∞         Gourm    .     X - +1 hat
rElec  +         Spirit   .     D - +0 cloak
rCorr  .         Warding  .     u - +0 pair of gloves
rMut   .         Stasis   .     P - +2 pair of boots {Stlth+}
MR     +....                    t - amulet of inaccuracy (curse)
Stlth  +++.......               d - ring of Sin {Wiz rPois MR+ MP+9 Dex-3 Stlth+}
                                q - ring of flight

@: somewhat resistant to hostile enchantments, fairly stealthy
A: rough black scales 1, frail 1, negative energy resistance 1, electricity
resistance, wild magic 1, unbreathing, petrification resistance, no device heal
1, rot immunity, cowardly, unskilled 1, AC +9
a: Draw Out Power, Renounce Religion, Evoke Flight


You were in an ice cave.
You worshipped Ru.
Ru was most pleased with you.
You were not hungry.

You visited 3 branches of the dungeon, and saw 16 of its levels.
You also visited: Labyrinth, Sewer and Ice Cave.

You collected 1813 gold pieces.
You spent 1380 gold pieces at shops.

Inventory:

Hand weapons
 n - a +2 vampiric demon trident
 Q - the +6 shillelagh "Devastator" (weapon) {shatter}
   (You found it in a labyrinth)
Missiles
 C - 4 throwing nets (quivered)
Armour
 e - a +2 leather armour of cold resistance (worn)
 u - a +0 pair of gloves (worn)
 y - a +1 buckler of reflection (worn)
 B - a +0 troll leather armour
 D - a +0 cloak (worn)
 M - the +0 robe of Phiopaus {rF+ rN+ MP-9 Int+3 Dex+4}
   (You bought it in a shop on level 4 of the Orcish Mines)

   It affects your intelligence (+3).
   It affects your dexterity (+4).
   It protects you from fire.
   It protects you from negative energy.
   It affects your magic capacity (-9).
 P - a +2 pair of boots of stealth (worn)
 X - a +1 hat (worn)
Jewellery
 d - the ring of Sin (right hand) {Wiz rPois MR+ MP+9 Dex-3 Stlth+}
   (You took it off a minotaur in a labyrinth)

   [ring of wizardry]

   It improves your spell success rate.
   It affects your dexterity (-3).
   It protects you from poison.
   It affects your resistance to hostile enchantments.
   It affects your magic capacity (+9).
   It makes you more stealthy.
 g - an uncursed amulet of warding
 j - an uncursed ring of wizardry
 q - a ring of flight (left hand)
 t - a cursed amulet of inaccuracy (around neck)
 H - an uncursed amulet of resist corrosion
 J - the ring of Qinlee {rF+ MP+9}
   (You found it in a labyrinth)

   [ring of protection from fire]

   It protects you from fire.
   It affects your magic capacity (+9).
 L - an uncursed amulet of stasis
 R - an uncursed ring of protection from fire
 Z - an uncursed amulet of clarity {unknown}
Magical devices
 a - a wand of digging (8)
 c - a wand of fireball (4)
 f - a wand of fire (10)
 s - a wand of confusion (24)
 w - a wand of digging (9)
 x - a wand of magic darts (30)
 E - a wand of disintegration (6)
 F - a wand of slowing (32)
 U - a wand of magic darts (22)
Scrolls
 h - 3 scrolls of teleportation
 l - a scroll of enchant weapon
 m - 7 scrolls of identify
 I - a scroll of summoning
Potions
 i - 2 potions of cancellation
 k - 2 potions of heal wounds
 o - 2 potions of resistance
 r - a potion of brilliance
 v - a potion of magic
 z - 2 potions of haste
 A - a potion of restore abilities
 V - a potion of berserk rage
 Y - 3 potions of might
Books
 b - a Young Poisoner's Handbook

   Spells                             Type                      Level
   a - Sting                          Conjuration/Poison           1
   b - Cure Poison                    Poison                       2
   c - Mephitic Cloud                 Conjuration/Poison/Air       3
   d - Olgreb's Toxic Radiance        Poison                       4
   e - Venom Bolt                     Conjuration/Poison           5
 K - a book of Annihilations {highlevel, unknown}

   This book is beyond your current level of understanding.

   Spells                             Type                      Level
   a - Poison Arrow                   Conjuration/Poison           6
   b - Chain Lightning                Conjuration/Air              8
   c - Lehudib's Crystal Spear        Conjuration/Earth            8
   d - Glaciate                       Conjuration/Ice              9
   e - Fire Storm                     Conjuration/Fire             9
 S - a book of Clouds

   Spells                             Type                      Level
   a - Mephitic Cloud                 Conjuration/Poison/Air       3
   b - Conjure Flame                  Conjuration/Fire             3
   c - Poisonous Cloud                Conjuration/Poison/Air       6
   d - Freezing Cloud                 Conjuration/Ice/Air          6
   e - Ring of Flames                 Charms/Fire                  7
 W - a book of Ice

   Spells                             Type                      Level
   a - Ice Form                       Ice/Transmutation            4
   b - Metabolic Englaciation         Hexes/Ice                    5
   c - Ozocubu's Refrigeration        Ice                          6
   d - Bolt of Cold                   Conjuration/Ice              6
   e - Freezing Cloud                 Conjuration/Ice/Air          6
   f - Simulacrum                     Ice/Necromancy               6
Comestibles
 p - 2 meat rations
 O - 11 royal jellies


   Skills:
 + Level 9.6 Fighting
 - Level 5.0 Dodging
 - Level 10.0 Stealth
 + Level 10.2 Shields
 + Level 9.8 Spellcasting
 - Level 10.0 Poison Magic


You had 17 spell levels left.
You knew the following spells:

 Your Spells              Type           Power        Failure   Level  Hunger
a - Sting                 Conj/Pois      ####         1%          1    None
b - Olgreb's Toxic Radia  Pois           ######..     2%          4    ###....
c - Mephitic Cloud        Conj/Pois/Air  ####....     8%          3    None
d - Freezing Cloud        Conj/Ice/Air   ##........   100%        6    ######.


Dungeon Overview and Level Annotations

Branches:
Dungeon (11/15)            Temple (1/1) D:5            Lair (0/8) D:10
    Orc (4/4) D:9             Elf (0/3) Orc:3

Altars:
Ashenzari
Cheibriados
Dithmenos
Elyvilon
Fedhas
Gozag
Kikubaaqudgha
Makhleb
Nemelex Xobeh
Okawaru
Qazlal
Ru
Sif Muna
Trog
Vehumet
Xom
Yredelemnul
Zin
The Shining One

Shops:
Orc:2 ![!?   Orc:4 ![!(

Annotations:
D:4 exclusion: oklob plant


Innate Abilities, Weirdness & Mutations

You are resistant to torment.
You are immune to poison.
Your stone body is very resilient (AC +9).
You resist negative energy.
You are resistant to electric shocks.
You can survive without breathing.
You are immune to petrification.
Potions and wands are less effective at restoring your health.
You are immune to rotting.
You are a coward.
You are somewhat unskilled (-1 Apt).
You are partially covered in rough black scales (AC +4, Dex -1).
You are frail (-10% HP).
Your spells are a little harder to cast, but a little more powerful.


Message History

q - a ring of flight (left hand) Use which ability? (? or * to list)
Okay, then.
Use which ability? (? or * to list)
You feel very buoyant.
You fly up into the air.
You feel somewhat more hungry.
Careful!
You are starting to lose your buoyancy.
Use which ability? (? or * to list)
Okay, then.
Read which item? (? for menu, Esc to quit)
Okay, then.
Drink which item? (? for menu, Esc to quit)
Okay, then.
Read which item? (? for menu, Esc to quit)
Okay, then.
Read which item? (? for menu, Esc to quit)
Okay, then.
You float gracefully downwards.
You fall into the water!
You sink like a stone!
You fall apart...
You die...

#..# ####≈≈## ###...
#..## #≈≈## #...#. ##..#
#≈## ###.#### ##.# ##≈#
#...# #..###≈≈# ##..##
##.÷##≈≈## #...#
#..###≈≈## ###.## #..#
#≈≈≈# #..# ##.## #≈@≈#
#..## #..# #≈≈≈≈# #...##
#..# #≈≈≈≈# ##...##
#.###≈≈≈≈≈≈ ### #....#
#..##≈≈≈≈≈≈≈ ##.# #.....
#..##≈≈≈≈≈≈≈# #..###....#
#..####≈≈≈≈≈###...###....
##..# #≈≈≈≈###÷....##....
##÷# ≈≈≈ ##......##....


There were no monsters in sight!

Vanquished Creatures
  A frost giant (IceCv)
  An ettin (Orc:4)
  A minotaur (Lab)
  Josephine (Orc:2)
  Fannar (D:11)
  A centaur warrior (D:11)
  5 orc high priests (Orc:4)
  Urug (Orc:2)
  2 unseen horrors
  An ice statue (IceCv)
  2 orc knights
  4 orc sorcerers
  Joseph (Orc:2)
  A gargoyle (D:10)
  4 trolls
  14 polar bears (IceCv)
  Prince Ribbit (D:8)
  27 yaks
  5 wraiths (Orc:2)
  A steam dragon (D:9)
  13 wolves
  22 orc warriors
  11 ice beasts
  The ghost of ASSMAN the Covert, an average SpAs (D:4)
  2 sky beasts
  A wasp (D:10)
  A necrophage (D:6)
  10 ogres
  2 crocodiles
  4 centaurs
  2 gnoll sergeants
  2 big kobolds (Sewer)
  8 giant frogs
  Blork the orc (D:6)
  6 killer bees
  2 scorpions
  3 wights (D:6)
  6 jellies
  4 electric eels (D:10)
  2 goliath beetles
  2 crimson imps
  2 centaur zombies
  9 hounds
  40 orc priests
  40 orc wizards
  6 worker ants
  2 iguanas
  2 hound skeletons
  A mummy (D:9)
  28 gnolls
  3 river rats
  10 adders
  A giant mite (D:5)
  3 shadow imps
  4 worms
  2 adder zombies
  4 adder skeletons
  2 orc skeletons (Orc:4)
  6 giant geckos
  10 oozes
  223 orcs
  8 giant cockroaches
  29 hobgoblins
  15 jackals
  12 kobolds
  3 ball pythons
  18 bats
  7 giant newts
  20 goblins
  4 orc zombies
  7 quokkas
  A quokka skeleton (D:5)
  A quokka zombie (D:7)
  17 rats
720 creatures vanquished.

Vanquished Creatures (others)
  A polar bear (IceCv)
  2 orc priests (Orc:4)
  An orc (Orc:3)
4 creatures vanquished.

Grand Total: 724 creatures vanquished

Notes
Turn   | Place    | Note
--------------------------------------------------------------
     0 | D:1      | Palladion, the Gargoyle Venom Mage, began the quest for the Orb.
     0 | D:1      | Reached XP level 1. HP: 10/10 MP: 3/3
   129 | D:1      | Reached XP level 2. HP: 10/15 MP: 1/5
   648 | D:1      | Reached XP level 3. HP: 15/19 MP: 3/6
   979 | D:2      | Reached XP level 4. HP: 18/24 MP: 2/9
  1005 | D:2      | Learned a level 4 spell: Olgreb's Toxic Radiance
  1009 | D:2      | Learned a level 3 spell: Mephitic Cloud
  1668 | D:3      | Reached XP level 5. HP: 22/28 MP: 12/12
  1674 | D:3      | Found an iron altar of Okawaru.
  1696 | D:3      | Reached skill level 5 in Poison Magic
  1865 | D:3      | Found a glowing drain.
  1884 | Sewer    | Entered a sewer
  2038 | Sewer    | Reached XP level 6. HP: 16/32 MP: 6/15
  2722 | D:3      | Reached skill level 6 in Poison Magic
  2748 | D:3      | Reached skill level 5 in Spellcasting
  3088 | D:4      | Noticed ASSMAN's ghost (average SpAs)
  3134 | D:4      | Killed ASSMAN's ghost
  3134 | D:4      | Reached XP level 7. HP: 11/36 MP: 18/18
  3654 | D:4      | Found a blossoming altar of Fedhas.
  4006 | D:4      | Found a stormy altar of Qazlal.
  4110 | D:4      | Noticed an oklob plant
  4296 | D:5      | Entered Level 5 of the Dungeon
  4350 | D:5      | Found a shadowy altar of Dithmenos.
  4372 | D:5      | Noticed Prince Ribbit
  4591 | D:5      | Reached XP level 8. HP: 37/41 MP: 15/20
  4768 | D:5      | Found a staircase to the Ecumenical Temple.
  5106 | Temple   | Entered the Ecumenical Temple
  5437 | D:6      | Found a sacrificial altar of Ru.
  5458 | D:6      | Became a worshipper of Ru the Awakened
  5605 | D:6      | Reached skill level 7 in Poison Magic
  5624 | D:6      | Found a bloodstained altar of Trog.
  5656 | D:6      | Noticed Blork the orc
  5660 | D:6      | Reached skill level 1 in Fighting
  5664 | D:6      | Killed Blork the orc
  5664 | D:6      | Reached skill level 1 in Shields
  5676 | D:6      | Found a shimmering altar of Xom.
  5678 | D:6      | Found a radiant altar of Vehumet.
  5678 | D:6      | Found a blossoming altar of Fedhas.
  5791 | D:6      | Found a deep blue altar of Sif Muna.
  5857 | D:6      | Reached skill level 5 in Stealth
  5862 | D:6      | Found a sparkling altar of Nemelex Xobeh.
  6663 | D:7      | Reached XP level 9. HP: 48/48 MP: 23/23
  8137 | D:8      | Killed Prince Ribbit
  8137 | D:8      | Reached skill level 8 in Poison Magic
  8634 | D:8      | Found an opulent altar of Gozag.
  8792 | D:9      | Found a shimmering altar of Xom.
  8819 | D:9      | Found a staircase to the Orcish Mines.
  8893 | D:9      | Gained mutation: You are somewhat unskilled (-1 Apt). [Ru sacrifice]
  8893 | D:9      | Reduced skill Poison Magic to level 7
  8893 | D:9      | Acquired Ru's first power
  8907 | D:9      | Reached XP level 10. HP: 53/56 MP: 12/24
  8913 | D:9      | Reached skill level 5 in Stealth
  9150 | D:9      | Reached skill level 5 in Shields
  9553 | D:9      | Reached skill level 5 in Fighting
  9668 | D:9      | Reached skill level 8 in Poison Magic
  9716 | Orc:1    | Entered Level 1 of the Orcish Mines
  9880 | Orc:2    | Noticed Joseph
  9889 | Orc:2    | Killed Joseph
 10035 | Orc:2    | Found Ethraohi's Distillery.
 10039 | Orc:2    | Noticed Urug
 10055 | Orc:2    | Killed Urug
 10055 | Orc:2    | Reached skill level 5 in Dodging
 10055 | Orc:2    | Reached XP level 11. HP: 26/64 MP: 2/26
 10114 | Orc:2    | Bought a potion of decay for 16 gold pieces
 10114 | Orc:2    | Bought a potion of mutation for 40 gold pieces
 10114 | Orc:2    | Bought a potion of poison for 16 gold pieces
 10114 | Orc:2    | Bought a potion of resistance for 160 gold pieces
 10114 | Orc:2    | Gained mutation: You are agile. (Dex +2) [potion of mutation]
 10114 | Orc:2    | Gained mutation: Your spells are a little harder to cast, but a little more powerful. [potion of mutation]
 10114 | Orc:2    | Gained mutation: You have a pair of small horns on your head. [potion of mutation]
 10195 | Orc:2    | Noticed an orc knight
 10219 | Orc:2    | Killed an orc knight
 10372 | Orc:2    | Found Bedut's Magic Scroll Shoppe.
 10421 | Orc:2    | Bought a scroll of blinking for 105 gold pieces
 10421 | Orc:2    | Bought a scroll of summoning for 133 gold pieces
 10421 | Orc:2    | Bought a scroll of identify for 28 gold pieces
 10421 | Orc:2    | Bought a scroll of identify for 28 gold pieces
 10421 | Orc:2    | Bought a scroll of identify for 28 gold pieces
 10421 | Orc:2    | Bought a scroll of identify for 28 gold pieces
 10421 | Orc:2    | Bought a scroll of remove curse for 42 gold pieces
 10421 | Orc:2    | Bought a scroll of blinking for 105 gold pieces
 10517 | Orc:2    | Noticed Josephine
 10592 | Orc:2    | Found Bixkypaq's Armour Shoppe.
 10593 | Orc:2    | Found Caaraqif's Distillery.
 10635 | Orc:2    | Killed Josephine
 10888 | Orc:2    | Learned a level 6 spell: Freezing Cloud
 11274 | Orc:3    | Found a staircase to the Elven Halls.
 11472 | Orc:3    | Noticed an orc knight
 11491 | Orc:3    | Killed an orc knight
 11495 | Orc:3    | Paralysed by an orc sorcerer for 7 turns
 11502 | Orc:3    | Gained mutation: Potions and wands are less effective at restoring your health. [Ru sacrifice]
 11502 | Orc:3    | Acquired Ru's second power
 11979 | Orc:4    | Entered Level 4 of the Orcish Mines
 11986 | Orc:4    | Noticed an ettin
 11992 | Orc:4    | Reached skill level 9 in Poison Magic
 12009 | Orc:4    | Found a labyrinth entrance.
 12030 | Lab      | Entered a labyrinth
 12051 | Lab      | Noticed Esekla's ghost (powerful FoSk)
 12207 | Lab      | Noticed a minotaur
 12232 | Lab      | Killed a minotaur
 12234 | Lab      | Got a steaming pewter ring
 12256 | Lab      | Got a crude silver ring
 12261 | Lab      | Identified the ring of Sin {Wiz rPois MR+ MP+9 Dex-3 Stlth+} (You took it off a minotaur in a labyrinth)
 12263 | Lab      | Identified the ring of Qinlee {rF+ MP+9} (You found it in a labyrinth)
 12367 | Orc:4    | Killed an ettin
 12775 | Orc:4    | Reached XP level 12. HP: 64/71 MP: 23/28
 12793 | Orc:4    | Noticed an orc high priest
 12885 | Orc:4    | Killed an orc high priest
 12934 | Orc:4    | Noticed an orc high priest
 12935 | Orc:4    | Noticed an orc high priest
 12958 | Orc:4    | Killed an orc high priest
 13082 | Orc:4    | Noticed an orc high priest
 13093 | Orc:4    | Killed an orc high priest
 13104 | Orc:4    | Killed an orc high priest
 13203 | Orc:4    | Found Mnoloogh's Distillery.
 13203 | Orc:4    | Found Qaeseaps' Antique Armour Shop.
 13204 | Orc:4    | Found Beneleeb's Antique Weapon Boutique.
 13207 | Orc:4    | Found Staj's Distillery.
 13215 | Orc:4    | Bought a bloodstained robe for 171 gold pieces
 13215 | Orc:4    | Bought a pair of glowing boots for 135 gold pieces
 13216 | Orc:4    | Bought a potion of mutation for 32 gold pieces
 13217 | Orc:4    | Bought a potion of might for 44 gold pieces
 13292 | Orc:4    | Gained mutation: You have sharp toenails. [potion of mutation]
 13292 | Orc:4    | Gained mutation: You are very agile. (Dex +4) [potion of mutation]
 13292 | Orc:4    | Gained mutation: You are frail (-10% HP). [potion of mutation]
 13293 | Orc:4    | Lost mutation: You have sharp toenails. [potion of cure mutation]
 13293 | Orc:4    | Lost mutation: You are very agile. (Dex +4) [potion of cure mutation]
 13293 | Orc:4    | Lost mutation: You have a pair of small horns on your head. [potion of cure mutation]
 13293 | Orc:4    | Lost mutation: You are agile. (Dex +2) [potion of cure mutation]
 13359 | Orc:4    | Noticed an orc high priest
 13368 | Orc:4    | Killed an orc high priest
 13381 | Orc:4    | Identified the +0 robe of Phiopaus {rF+ rN+ MP-9 Int+3 Dex+4} (You bought it in a shop on level 4 of the Orcish Mines)
 13505 | Orc:4    | Bought a potion of magic for 104 gold pieces
 13508 | Orc:4    | Bought a potion of haste for 110 gold pieces
 13508 | Orc:4    | Bought a potion of heal wounds for 55 gold pieces
 13628 | D:10     | Entered Level 10 of the Dungeon
 13839 | D:10     | Reached skill level 10 in Poison Magic
 13906 | D:10     | Found a staircase to the Lair.
 14236 | D:10     | Reached XP level 13. HP: 71/71 MP: 30/30
 14321 | D:10     | Gained mutation: You are a coward. [Ru sacrifice]
 14321 | D:10     | Acquired Ru's third power
 14707 | D:11     | Noticed Fannar
 14861 | D:11     | Got a smoking robe
 14862 | D:11     | Identified the cursed -3 robe "Waful" {rElec rF+ MR- Dex+3} (You found it on level 11 of the Dungeon)
 14920 | D:11     | Killed Fannar
 15001 | D:11     | Found a frozen archway.
 15083 | IceCv    | Entered an ice cave
 15142 | IceCv    | Reached skill level 10 in Stealth
 15199 | IceCv    | Gained mutation: You are partially covered in rough black scales (AC +4, Dex -1). [potion of beneficial mutation]
 15393 | IceCv    | Noticed a frost giant
 15405 | IceCv    | Reached skill level 10 in Shields
 15498 | IceCv    | Killed a frost giant
 15700 | IceCv    | Drowned

Action                   |  1- 3 |  4- 6 |  7- 9 | 10-12 | 13-15 || total
-------------------------+-------+-------+-------+-------+-------++-------
Melee: Unarmed           |    70 |       |       |       |    10 ||    80
       Dagger            |    24 |   155 |   508 |       |       ||   687
       Trident           |       |       |    14 |   247 |       ||   261
       Staff             |       |       |       |     9 |       ||     9
       Shillelagh        |       |       |       |   121 |    80 ||   201
       Demon trident     |       |       |       |       |    88 ||    88
Throw: Tomahawk          |       |       |     2 |       |       ||     2
       Throwing net      |       |       |     1 |       |       ||     1
 Cast: Sting             |    64 |    60 |    52 |    23 |     4 ||   203
       Olgreb's Toxic Ra |       |    15 |    49 |   139 |    35 ||   238
       Mephitic Cloud    |       |       |       |     6 |     3 ||     9
Invok: Sacrifice Skill   |       |       |     1 |       |       ||     1
       Reject Sacrifices |       |       |     1 |       |       ||     1
       Sacrifice Purity  |       |       |       |     1 |       ||     1
       Sacrifice Courage |       |       |       |       |     1 ||     1
 Abil: Evoke Flight      |       |       |       |       |     1 ||     1
Evoke: Wand              |       |       |    10 |     8 |       ||    18
  Use: Scroll            |       |       |     6 |    15 |     2 ||    23
       Potion            |       |       |    11 |     6 |     6 ||    23
 Stab: Sleeping          |       |       |    15 |     4 |     4 ||    23
       Distracted        |       |       |       |     2 |       ||     2
  Eat: Chunk             |     1 |    10 |    24 |    32 |     2 ||    69
       Beef jerky        |       |       |     1 |       |     1 ||     2
       Bread ration      |       |       |       |     1 |     1 ||     2
       Meat ration       |       |       |       |       |     1 ||     1
